 Dungeon Crawl Stone Soup version bcrawl-1.40.3b (webtiles) character file.

Game seed: 8676746532645720526

75337 Amelense the Skirmisher (level 2, -5/33 HPs)
             Began as an Ent Monk on Feb 6, 2024.
             Killed from afar by Sigmund (6 damage)
             ... with a magic dart
             ... on level 2 of the Dungeon.
             The game lasted 00:02:04 (1041 turns).

Amelense the Skirmisher (Ent Monk)                  Turns: 1041, Time: 00:02:05

Health: -5/33      AC:  9    Str: 18    XL:     2   Next: 31%
Magic:  0/3        EV: 10    Int: 10    God:
Gold:   205        SH:  0    Dex: 12    Spells: 1/1 levels left

rFire    + . .     GDR:     32% a - +0 quarterstaff
rCold    + . .     SeeInvis .   (no shield)
rNeg     + + +     Gourm    .   (armour unavailable)
rPois    +         Faith    .   b - +0 hat
rElec    +         Spirit   +   (no cloak)
rCorr    +         Reflect  .   (gloves unavailable)
MR       .....                  (boots unavailable)
Stlth    ++........             c - amulet of guardian spirit
HPRegen  0.15/turn              (no ring)
MPRegen  0.08/turn              (no ring)

@: resistant, very slow
A: large, slow actions, passwall, strong branches, negative energy resistance 3,
poison resistance, slow metabolism 1, torment resistance, unbreathing, AC +9
a: Passwall


You were on level 2 of the Dungeon.
You were not hungry.

You visited 1 branch of the dungeon, and saw 2 of its levels.

You collected 205 gold pieces.

Inventory:

Hand Weapons
 a - a +0 quarterstaff (weapon)
 m - a cursed -2 hunting sling
Armour
 b - a +0 hat (worn)
Jewellery
 c - an amulet of guardian spirit (around neck)
Scrolls
 d - 3 scrolls of remove curse
 g - a scroll of immolation {unknown}
 i - a scroll of identify
 j - a scroll of blinking {unknown}
 l - a scroll of enchant armour {unknown}
Potions
 f - a potion of agility {unknown}
 h - a potion of resistance
 k - a potion of brilliance {unknown}
Comestibles
 e - 2 rations {!d}


   Skills:
 + Level 3.5 Fighting
 + Level 3.3 Staves
 + Level 2.9 Dodging
 - Level 2.4 Stealth
   Level 2.4 Invocations


You had one spell level left.
You didn't know any spells.
Your spell library was empty.

Dungeon Overview and Level Annotations

Branches:
Dungeon (2/12)

Altars:

Annotations:
D:2 Sigmund


Innate Abilities, Weirdness & Mutations

You move and act slowly.
You can pass through walls and trees.
Your branches can wield two-handed weapons with a shield.
Your thick bark is tough. (AC +9)
You are too large for most types of armour.
You are immune to negative energy. (rN+++)
Your system is resistant to poisons. (rPois)
You have a slow metabolism.
You are immune to unholy pain and torment.
You can survive without breathing.


Message History

Something hits you.
You hit something. Something hits you but does no damage.
You miss something. Something hits you.
You closely miss something. You miss something.
Something hits you but does no damage.
You hit something. Something hits you.
You sock something! Something hits you.
* * * LOW HITPOINT WARNING * * *
You closely miss something.
You hear some strange, mumbled words.
A puff of flame appears from out of thin air!
The puff of flame hits you.
* * * LOW HITPOINT WARNING * * *
Something hits you but does no damage.
It was a potion of resistance.
You feel protected.
You hear some strange, mumbled words.
A magic dart appears from out of thin air!
The magic dart hits you!
You die...

..####...###. ..
............. #.
#.#####.##### #. ##
#.# .#. ##'## ...
##...## #.## ##.....##
#{.## ##.......##
###@..####.........#
##........+.........'
##......####.........#
#.[....## ##.......##
##...### ##.....##
##.## ##...## #.#
##'## #.# #.# #.# #.##


There were no monsters in sight!

Vanquished Creatures
  2 leopard geckos
  3 goblins (D:1)
  A hobgoblin (D:1)
  2 bats
  2 frilled lizards (D:1)
  A kobold (D:1)
  2 rats
13 creatures vanquished.

Notes
Turn   | Place    | Note
-------+----------+-------------------------------------------
     0 | D:1      | Amelense the Ent Monk began the quest for the Orb.
     0 | D:1      | Reached XP level 1. HP: 25/25 MP: 2/2
   356 | D:1      | Reached XP level 2. HP: 33/33 MP: 3/3
  1018 | D:2      | Noticed Sigmund
  1040 | D:2      | HP: 1/33 [something/puff of flame (5)]
  1041 | D:2      | Killed from afar by Sigmund

Action                   || total
-------------------------++-------
Melee: Quarterstaff      ||    41
  Use: Potion            ||     1
 Stab: Sleeping          ||     5
  Eat: Chunk             ||     1
Armor: Skin              ||    20
Dodge: Dodged            ||    19
